 Dungeon Crawl Stone Soup version 0.28.0-45-g0d030f2227 (webtiles) character file.

Game seed: 16681298985255708363

108808 Mesmaeker13 the Warrior (level 16, -14/222 (226) HPs)
             Began as a Hill Orc Fighter on Apr 24, 2022.
             Was a High Priest of Qazlal.
             Demolished by an apocalypse crab (16 damage)
             ... on level 5 of the Abyss.
             The game lasted 00:45:29 (33765 turns).

Mesmaeker13 the Warrior (Hill Orc Fighter)         Turns: 33765, Time: 00:45:30

HP:   -14/222 (226) AC: 28    Str: 25    XL:     16   Next: 50%
MP:   34/34         EV:  2    Int:  8    God:    Qazlal [*****.]
Gold: 1343          SH: 26    Dex: 15    Spells: 15/15 levels left

rFire   + + .      SeeInvis .   D - +0 scimitar (flame)
rCold   + + .      Faith    .   E - +0 kite shield
rNeg    . . .      Spirit   .   (armour currently unavailable)
rPois   +          Reflect  +   (helmet currently unavailable)
rElec   .          Harm     .   (cloak currently unavailable)
rCorr   +          Rampage  .   (gloves currently unavailable)
Will    +....      NoTele   +   (boots currently unavailable)
Stlth   +.........              a - amulet "Laotwa" {Reflect rPois rF+++ MP+9 Dex+3 SH+5}
HPRegen 0.00/turn               B - ring of resist corrosion
MPRegen 0.24/turn               L - ring of ice

@: agile, tree-form, protected from cold, on berserk cooldown, sick, hasted and
slowed, lightly drained, invisible, repel missiles
A: stationary, stasis, torment immunity, boosted hp
a: Renounce Religion, Upheaval, Elemental Force, Disaster Area


You were on level 5 of the Abyss.
You worshipped Qazlal.
Qazlal was extremely pleased with you.
You were a tree.
You visited 4 branches of the dungeon, and saw 24 of its levels.
You visited the Abyss 1 time.

You collected 2353 gold pieces.
You spent 1010 gold pieces at shops.

Inventory:

Hand Weapons
 e - a +6 long sword of electrocution
 D - a +0 scimitar of flaming (weapon)
Missiles
 b - 4 curare-tipped darts
 C - 3 throwing nets (quivered)
 R - 6 silver javelins
Armour
 m - a +1 helmet (melded)
 p - a scarf of resistance (melded)
 q - a +0 pair of boots (melded)
 w - a +3 plate armour (melded)
 y - a +0 pair of gloves (melded)
 E - a +0 kite shield (worn)
 S - +0 fire dragon scales
Jewellery
 a - the amulet "Laotwa" (around neck) {Reflect rPois rF+++ MP+9 Dex+3 SH+5}
   (You bought it in a shop on level 2 of the Dungeon)

   [amulet of reflection]

   It reflects blocked missile attacks.
   Dex:       It affects your dexterity (+3).
   rF:        It renders you almost immune to fire.
   rPois:     It protects you from poison.
   MP:        It affects your magic capacity (+9).
   SH:        It affects your SH (+5).
 g - a +6 ring of intelligence
 i - a ring of ice
 B - a ring of resist corrosion (left branch)
 L - a ring of ice (right branch)
 M - a +4 ring of evasion
Wands
 c - a wand of digging (12)
 n - a wand of iceblast (1)
 v - a wand of charming (4)
 N - a wand of polymorph (5)
Scrolls
 f - a scroll of holy word
 j - 2 scrolls of fog
 o - 6 scrolls of fear
 u - a scroll of brand weapon
 x - a scroll of enchant armour
 z - 10 scrolls of teleportation
 A - 4 scrolls of magic mapping
 H - a scroll of immolation
 K - a scroll of enchant weapon
 P - 5 scrolls of identify
 Q - 3 scrolls of blinking
Potions
 d - a potion of might
 h - 4 potions of haste
 k - 2 potions of attraction
 l - a potion of resistance
 r - 4 potions of berserk rage
 s - 3 potions of curing
 t - a potion of invisibility
 G - 3 potions of flight
 I - a potion of magic {unknown}
 T - a potion of mutation
Miscellaneous
 F - a condenser vane
 J - a phantom mirror


   Skills:
 + Level 16.2 Fighting
 + Level 14.8 Long Blades
 + Level 14.9 Armour
 + Level 15.0 Shields
 - Level 12.3 Invocations
 + Level 8.3 Evocations


You had 15 spell levels left.
You didn't know any spells.
Your spell library contained the following spells:

 Spells                   Type           Power      Damage    Failure   Level
 Foxfire                  Conj/Fire      0%         2x1d4     58%         1
 Magic Dart               Conj           0%         1d3       58%         1
 Pain                     Necr           0%         1d4       58%         1
 Sandblast                Erth           0%         2d4       58%         1
 Slow                     Hex            0%         N/A       58%         1
 Call Imp                 Summ           0%         N/A       75%         2
 Corpse Rot               Necr/Air       0%         N/A       75%         2
 Passwall                 Tmut/Erth      0%         N/A       75%         2
 Poisonous Vapours        Pois/Air       0%         N/A       75%         2
 Searing Ray              Conj           0%         2d4       75%         2
 Static Discharge         Conj/Air       0%         N/A       75%         2
 Confusing Touch          Hex            0%         N/A       92%         3
 Conjure Flame            Conj/Fire      0%         6-21      92%         3
 Dazzling Flash           Conj/Hex       0%         N/A       92%         3
 Ignite Poison            Fire/Tmut/Pois 0%         N/A       92%         3
 Inner Flame              Hex/Fire       0%         N/A       92%         3
 Mephitic Cloud           Conj/Pois/Air  0%         N/A       92%         3
 Vampiric Draining        Necr           0%         2d6       92%         3
 Dispel Undead            Necr           0%         3d6       100%        4
 Flame Wave               Conj/Fire      0%         2d4       100%        4
 Fulminant Prism          Conj/Hex       0%         3d6       100%        4
 Hailstorm                Conj/Ice       0%         3d3       100%        4
 Ice Form                 Ice/Tmut       0%         N/A       100%        4
 Iskenderun's Mystic Bla  Conj/Tloc      0%         2d3       100%        4
 Petrify                  Tmut/Erth      0%         N/A       100%        4
 Sticky Flame             Conj/Fire      0%         2d3       100%        4
 Summon Lightning Spire   Summ/Air       0%         N/A       100%        4
 Agony                    Necr           0%         N/A       100%        5
 Borgnjor's Vile Clutch   Necr/Erth      0%         N/A       100%        5
 Excruciating Wounds      Necr           0%         N/A       100%        5
 Freezing Cloud           Conj/Ice/Air   0%         6-21      100%        5
 Simulacrum               Ice/Necr       0%         N/A       100%        6
 Starburst                Conj/Fire      0%         6d3       100%        6
 Statue Form              Tmut/Erth      0%         N/A       100%        6
 Storm Form               Tmut/Air       0%         N/A       100%        7
 Maxwell's Capacitive Co  Air            0%         ∞         100%        8


Dungeon Overview and Level Annotations

Branches:
Dungeon (15/15)            Temple (1/1) D:4            Lair (6/6) D:10
 Shoals (0/4) Lair:3        Snake (0/4) Lair:3        Slime (0/5) Lair:5
    Orc (2/2) D:10            Elf (0/3) Orc:2        Vaults (0/5) D:14
 Depths (0/4) D:15

Altars:
Ashenzari
Cheibriados
Dithmenos
Elyvilon
Fedhas
Gozag
Hepliaklqana
Kikubaaqudgha
Makhleb
Nemelex Xobeh
Okawaru
Qazlal
Ru
Sif Muna
Trog
Uskayaw
Vehumet
Wu Jian
Xom
Yredelemnul
Zin
The Shining One
Beogh
Jiyva
Lugonu

Shops:
D:2 *   D:3 *   D:9 *   D:13 !   Orc:2 ?=*([[

Annotations:
D:8 4 runed translucent doors
Lair:2 3 runed translucent doors, jacek's ghost, journeyman DDCA


Message History

You cannot move.
You cannot move.
You feel a strong urge to attack something.
A bone dragon comes into view.
You block something's attack. Something claws you.
* * * LOW HITPOINT WARNING * * *
Something shocks you!
* * * LOW HITPOINT WARNING * * *
You block something's attack. x2
You feel your anger nearly subside.
You hear a shout!
Something bites you but does no damage. You block something's attack.
You are no longer berserk.
You are exhausted.
You feel yourself slow down. Something bites you but does no damage.
Something claws you but does no damage. Something bites you!
* * * LOW HITPOINT WARNING * * *
Something shocks you!
* * * LOW HITPOINT WARNING * * *
Something claws you!
* * * LOW HITPOINT WARNING * * *
Something shocks you!
* * * LOW HITPOINT WARNING * * *
You block something's attack. Something claws you!
* * * LOW HITPOINT WARNING * * *
You feel drained.
* * * LOW HITPOINT WARNING * * *
Unknown command.
Unknown command.
Your protection from cold is fading.
Something bites you but does no damage. You block something's attack.
Something bites you but does no damage. You block something's attack.
Something bites you but does no damage. You block something's attack. x2
Something claws you.
* * * LOW HITPOINT WARNING * * *
You feel yourself speed up. You block the bone dragon's attack.
The bone dragon claws you but does no damage.
The bone dragon completely misses you. Something bites you!
You die...

#.#.. # .# # .#...
##.# ####.....#.. # .
.# .......... ..
........ ... # .. ..
.....#.#.. # .# .
.#.#.....# .# . #
#...D°###.# . #..## #
. #♣{#
..##...##...D.#......
# . . .#.##### #....
#. ... . #.. ##.. .#
. . . . . ## ... .
..# ..


You could see a bone dragon.

Vanquished Creatures
  Frances (D:14)
  Roxanne (D:14)
  An orc warlord (Orc:2)
  Snorg (D:11)
  An ettin (D:15)
  Fannar (D:11)
  A fire dragon (Lair:6)
  6 boulder beetles
  14 hydras
  2 ogre magi
  7 centaur warriors
  Harold (D:7)
  9 two-headed ogres
  2 dancing weapons (D:14)
  Erica (D:8)
  5 death yaks
  A tengu warrior (D:15)
  Urug (D:11)
  3 orc high priests (Orc:2)
  A fire crab (Lair:6)
  4 skeletal warriors
  A deep troll (D:15)
  A wizard (D:14)
  A lindwurm (Lair:2)
  Pikel (D:7)
  A necromancer (D:15)
  3 orc knights
  7 ugly things
  4 manticores
  2 cyclopes
  3 orc sorcerers
  17 elephants
  6 black mambas
  2 torpor snails
  3 molten gargoyles (Lair:6)
  14 cane toads
  2 gargoyles
  Psyche (D:9)
  An efreet (D:15)
  6 rime drakes
  2 yaktaurs
  16 komodo dragons
  A tengu conjurer (D:15)
  A troll (shapeshifter) (D:15)
  6 trolls
  3 polar bears
  2 hornets (D:8)
  Prince Ribbit (D:5)
  7 blink frogs
  2 slime creatures (Lair:5)
  7 wraiths
  Sigmund (D:5)
  3 shadows
  A ynoxinul (Abyss:3)
  A spriggan (Lair:4)
  4 wyverns
  A vampire (D:11)
  7 basilisks
  4 steam dragons
  4 vampire mosquitoes (D:14)
  82 yaks
  A small abomination (Abyss:3)
  7 wargs
  Menkaure (D:7)
  2 acid dragons
  3 nagas (Lair:3)
  13 water moccasins
  3 hell hounds (Lair:6)
  3 ice beasts
  28 orc warriors
  6 ogres
  2 black bears
  37 wolves
  An ogre (shapeshifter) (D:13)
  30 centaurs
  2 phantoms
  A gnoll sergeant (D:11)
  19 bullfrogs
  A scorpion (D:5)
  8 wights (D:8)
  An electric eel (Lair:2)
  6 howler monkeys
  5 lava snakes (Lair:6)
  2 centaur zombies
  A hound (D:3)
  3 jellies
  15 orc priests
  A gnoll shaman (D:6)
  3 iguanas
  Terence (D:2)
  24 orc wizards
  Robin (D:2)
  10 gnolls
  A howler monkey skeleton (D:4)
  4 adders
  A shadow imp (D:7)
  2 white imps
  A dart slug (D:3)
  78 orcs
  7 ball pythons
  11 endoplasms
  A giant cockroach (D:1)
  15 goblins
  10 hobgoblins
  2 quokkas
  7 bats
  4 frilled lizards
  8 kobolds
  2 rats
691 creatures vanquished.

Vanquished Creatures (collateral kills)
  A dire elephant (Lair:4)
  A two-headed ogre (D:15)
  A death yak (Lair:5)
  Sonja (Lair:4)
  A deep troll (D:15)
  3 elephants (Lair:5)
8 creatures vanquished.

Vanquished Creatures (others)
  A boulder beetle (D:15)
  An orc (Orc:1)
  110 fungi
  135 plants
247 creatures vanquished.

Grand Total: 946 creatures vanquished

Notes
Turn   | Place    | Note
-------+----------+-------------------------------------------
     0 | D:1      | Mesmaeker13 the Hill Orc Fighter began the quest for the
                  | Orb.
     0 | D:1      | Reached XP level 1. HP: 19/19 MP: 1/1
   195 | D:1      | Reached XP level 2. HP: 27/27 MP: 2/2
   535 | D:1      | Reached skill level 4 in Fighting
   828 | D:2      | Found Mean's General Store.
   923 | D:2      | Reached XP level 3. HP: 33/33 MP: 3/3
   938 | D:2      | Noticed Terence
   949 | D:2      | HP: 1/33 [Terence/+6 falchion of flaming (3)]
  1502 | D:2      | Noticed Robin
  1542 | D:2      | Killed Robin
  1829 | D:2      | Reached XP level 4. HP: 41/41 MP: 4/4
  2420 | D:2      | Killed Terence
  2504 | D:3      | Found Luasmecu's General Store.
  2643 | D:3      | Reached XP level 5. HP: 47/47 MP: 5/5
  3605 | D:4      | Reached skill level 5 in Fighting
  3690 | D:4      | Reached XP level 6. HP: 56/56 MP: 6/6
  3801 | D:4      | Found a staircase to the Ecumenical Temple.
  3824 | D:4      | Found a snail-covered altar of Cheibriados.
  3831 | D:4      | Found a stormy altar of Qazlal.
  4138 | D:4      | Became a worshipper of Qazlal Stormbringer
  4157 | Temple   | Entered the Ecumenical Temple
  4591 | D:5      | Entered Level 5 of the Dungeon
  4897 | D:5      | Noticed Prince Ribbit
  4906 | D:5      | Killed Prince Ribbit
  4907 | D:5      | Reached skill level 5 in Armour
  4907 | D:5      | Reached skill level 5 in Shields
  4907 | D:5      | Reached XP level 7. HP: 23/62 MP: 7/7
  5280 | D:5      | Noticed Sigmund
  5291 | D:5      | Killed Sigmund
  5292 | D:5      | Reached skill level 6 in Fighting
  5292 | D:5      | Reached skill level 5 in Long Blades
  5697 | D:6      | Noticed a yak
  5698 | D:6      | Noticed a yak
  5710 | D:6      | Killed a yak
  5711 | D:6      | Reached XP level 8. HP: 52/71 MP: 8/8
  5716 | D:6      | Killed a yak
  6369 | D:6      | Reached skill level 7 in Fighting
  6369 | D:6      | Reached skill level 1 in Evocations
  6481 | D:6      | Noticed a yak
  6481 | D:6      | Noticed a yak
  6481 | D:6      | Noticed a yak
  6492 | D:6      | Killed a yak
  6497 | D:6      | Killed a yak
  6506 | D:6      | Killed a yak
  6507 | D:6      | Reached XP level 9. HP: 33/79 MP: 9/9
  7142 | D:7      | Noticed Pikel
  7150 | D:7      | Killed Pikel
  7151 | D:7      | Reached skill level 8 in Fighting
  7154 | D:7      | Noticed Menkaure
  7164 | D:7      | Killed Menkaure
  7410 | D:7      | Noticed Harold
  7419 | D:7      | Killed Harold
  7434 | D:7      | Reached * piety under Qazlal
  7445 | D:7      | Reached XP level 10. HP: 88/90 MP: 10/10
  7886 | D:8      | Noticed a two-headed ogre
  7892 | D:8      | Killed a two-headed ogre
  7893 | D:8      | Reached skill level 9 in Fighting
  7900 | D:8      | Noticed Erica
  8122 | D:8      | Killed Erica
  8123 | D:8      | Reached skill level 5 in Evocations
  8318 | D:8      | Found a huge runed translucent gate.
  8318 | D:8      | Found a huge runed translucent gate.
  8318 | D:8      | Found a huge runed translucent gate.
  8318 | D:8      | Found a huge runed translucent gate.
  9092 | D:9      | Found Zenlon's Neck Hole.
  9182 | D:9      | Noticed Psyche
  9270 | D:9      | Killed Psyche
  9350 | D:9      | Noticed a two-headed ogre
 10135 | D:9      | Reached skill level 10 in Fighting
 10135 | D:9      | Reached XP level 11. HP: 99/99 MP: 11/11
 10273 | D:9      | Killed a two-headed ogre
 10533 | D:9      | Reached ** piety under Qazlal
 10720 | D:10     | Entered Level 10 of the Dungeon
 10851 | D:10     | Noticed a two-headed ogre
 10851 | D:10     | Noticed a cyan ugly thing
 10869 | D:9      | Killed a cyan ugly thing
 11287 | D:10     | Found a staircase to the Lair.
 11378 | D:10     | HP: 5/101 [centaur/arrow (6)]
 11751 | D:10     | Found a staircase to the Orcish Mines.
 11795 | D:10     | Killed a two-headed ogre
 12527 | Lair:1   | Entered Level 1 of the Lair of Beasts
 12527 | Lair:1   | Noticed a boulder beetle
 12564 | Lair:1   | HP: 3/101 [boulder beetle (47)]
 12574 | Lair:1   | Killed a boulder beetle
 12575 | Lair:1   | Reached skill level 1 in Invocations
 13452 | D:10     | Reached skill level 10 in Armour
 13452 | D:10     | Reached skill level 10 in Shields
 13634 | Lair:1   | Reached skill level 11 in Fighting
 13748 | Lair:1   | Reached XP level 12. HP: 75/110 MP: 14/14
 13950 | Lair:1   | Noticed a five-headed hydra
 13960 | Lair:1   | Killed a three-headed hydra
 13961 | Lair:1   | Reached skill level 10 in Long Blades
 14492 | Lair:1   | Identified the +7 war axe "Esitonn" {vorpal, rPois}
 15274 | Lair:2   | You fall into a shaft and drop 1 floor!
 15283 | Lair:3   | Found a staircase to the Shoals.
 15296 | Lair:3   | Found a staircase to the Snake Pit.
 15297 | Lair:3   | Noticed a four-headed hydra
 15312 | Lair:2   | Killed a one-headed hydra
 15313 | Lair:2   | Reached skill level 5 in Invocations
 15778 | Lair:2   | Reached *** piety under Qazlal
 16071 | Lair:2   | Reached skill level 12 in Fighting
 16177 | Lair:2   | Noticed a death yak
 16177 | Lair:2   | Noticed a five-headed hydra
 16192 | Lair:1   | Killed a death yak
 16300 | Lair:2   | Killed a one-headed hydra
 16633 | Lair:2   | Noticed a four-headed hydra
 16633 | Lair:2   | Noticed a boulder beetle
 16725 | Lair:2   | Noticed a boulder beetle
 16741 | Lair:2   | Killed a boulder beetle
 16752 | Lair:2   | Killed a one-headed hydra
 16753 | Lair:2   | Reached XP level 13. HP: 104/119 MP: 18/18
 17316 | Lair:2   | Found a runed translucent gate.
 17316 | Lair:2   | Found a runed translucent gate.
 17318 | Lair:2   | Found a runed translucent gate.
 17319 | Lair:2   | Noticed jacek's ghost (journeyman DDCA)
 17324 | Lair:2   | Found a viscous altar of Jiyva.
 18171 | Lair:3   | Reached **** piety under Qazlal
 18700 | Lair:3   | Reached skill level 13 in Fighting
 19742 | Lair:4   | Reached ***** piety under Qazlal
 19894 | Lair:4   | Noticed Sonja
 19901 | Lair:4   | Killed Sonja
 19942 | Lair:4   | Reached XP level 14. HP: 100/129 MP: 19/21
 20230 | Lair:4   | Noticed a dire elephant
 20243 | Lair:4   | Killed a dire elephant
 20803 | Lair:4   | Reached skill level 10 in Invocations
 21595 | Lair:5   | Reached skill level 14 in Fighting
 21778 | Lair:5   | Found a staircase to the Slime Pits.
 22769 | Lair:6   | Entered Level 6 of the Lair of Beasts
 22808 | Lair:5   | Identified a scroll of acquirement
 22808 | Lair:5   | Acquired a scarf of resistance
 23767 | Lair:6   | Found a large runed translucent door.
 23867 | Lair:6   | Reached XP level 15. HP: 61/139 MP: 23/23
 24695 | Lair:6   | Found a large runed translucent door.
 25159 | Orc:1    | Entered Level 1 of the Orcish Mines
 25306 | Orc:2    | Entered Level 2 of the Orcish Mines
 25317 | Orc:2    | Found Tevaud's Antique Armour Shoppe.
 25468 | Orc:2    | Found a roughly hewn altar of Beogh.
 25539 | Orc:2    | Found Plog's Antique Weapon Shoppe.
 25540 | Orc:2    | Noticed an orc warlord
 25543 | Orc:2    | Found a roughly hewn altar of Beogh.
 25550 | Orc:2    | Killed an orc warlord
 25656 | Orc:2    | Found Jas Tigg's Antique Armour Emporium.
 25849 | Orc:2    | Found a staircase to the Elven Halls.
 25862 | Orc:2    | Reached skill level 15 in Fighting
 26035 | Orc:2    | Found a roughly hewn altar of Beogh.
 26036 | Orc:2    | Found Buwiob's General Store.
 26137 | Orc:2    | Found a roughly hewn altar of Beogh.
 26248 | Orc:2    | Found Hapteyvu's Jewellery Emporium.
 26288 | Orc:2    | Found a roughly hewn altar of Beogh.
 26359 | Orc:2    | Found Zeiph's Magic Scroll Shoppe.
 26567 | Orc:2    | Found a roughly hewn altar of Beogh.
 26870 | Orc:1    | Found a roughly hewn altar of Beogh.
 27695 | D:2      | Bought the amulet "Laotwa" {Reflect rPois rF+++ MP+9 Dex+3
                  | SH+5} for 1010 gold pieces
 28509 | D:11     | Noticed Snorg
 28517 | D:11     | Killed Snorg
 28620 | D:11     | Noticed Fannar
 28638 | D:11     | Noticed Urug
 28645 | D:11     | Killed Urug
 28675 | D:11     | Killed Fannar
 30235 | D:13     | Reached ****** piety under Qazlal
 30551 | D:13     | Reached XP level 16. HP: 120/150 MP: 25/25
 30782 | D:13     | Found Vankiosa's Distillery.
 30989 | D:14     | Identified Roxanne's Papyrus of the Rocks
 30989 | D:14     | Noticed Roxanne
 31001 | D:14     | Noticed Frances
 31016 | D:14     | Killed Frances
 31498 | D:14     | Found a gate to the Vaults.
 31799 | D:14     | Killed Roxanne
 32026 | D:15     | Entered Level 15 of the Dungeon
 32067 | D:15     | Reached skill level 16 in Fighting
 32908 | D:15     | Found a staircase to the Depths.
 33019 | D:15     | Reached skill level 15 in Shields
 33564 | D:15     | Found a corrupted altar of Lugonu.
 33564 | D:15     | Noticed a tentacled starspawn
 33565 | D:15     | Cast into level 3 of the Abyss (a wizard)
 33600 | Abyss:3  | Found a corrupted altar of Lugonu.
 33704 | Abyss:4  | Found a corrupted altar of Lugonu.
 33728 | Abyss:5  | Entered Level 5 of the Abyss
 33759 | Abyss:5  | Noticed a bone dragon
 33763 | Abyss:5  | HP: 6/226 [something (9)]
 33765 | Abyss:5  | HP: 2/222 [something (2)]
 33765 | Abyss:5  | Demolished by an apocalypse crab

Illustrated notes

Levels and vault maps discovered:
D:1:      lemuel_arrival_cross, layout_basic
D:2:      layout_basic, serial_shops, nicolae_diamond_shop, uniq_terence,
          uniq_robin
D:3:      layout_loops_corners, serial_shops, nicolae_shop_hallway_stairs
D:4:      layout_basic, mainiacjoe_overflow_big_doors,
          minmay_temple_entry_drinking_statues
D:5:      layout_loops_ring, uniq_prince_ribbit1, uniq_sigmund
D:6:      layout_loops_ring, nicolae_underground_beach
D:7:      layout_loops_ring, uniq_pikel, uniq_menkaure, uniq_harold
D:8:      lemuel_bear_cage, layout_rooms, uniq_erica
D:9:      layout_long_grid, nicolae_shop_sticking_my_neck_out, uniq_psyche
D:10:     layout_loops_ring, lair_entry_dummy, orc_0_dummy, serial_aquarium,
          aquarium_bridge_square [aquarium_subvault_bridge,
          aquarium_subvault_window, aquarium_subvault_wall,
          aquarium_subvault_bridge], aquarium_bridge_straight
          [aquarium_subvault_bridge, aquarium_subvault_balcony,
          aquarium_subvault_bridge, aquarium_subvault_wall],
          aquarium_window_fake, aquarium_window_corridor_1, aquarium_view_2d,
          aquarium_view_2b, aquarium_pool_1
D:11:     minmay_weird_star, layout_basic, kennysheep_dice, uniq_snorg,
          uniq_fannar, uniq_urug
D:12:     layout_roguey, hangedman_decor_points, minmay_variable_closet,
          minmay_fractal_squares_gapless_7
D:13:     layout_basic, serial_shops, nicolae_shop_statue_plus, st_stairs_14
D:14:     layout_roguey, erik_vaults_1, chequers_decorated_corner, uniq_roxanne,
          uniq_frances
D:15:     hangedman_depths_entry_civil_slaughter, layout_stronghold,
          nicolae_benzene_ring, minmay_misc_feat_rows, chequers_avenue,
          drop_trap, hellmonk_guarded_unrand_rift
Temple:   mainiacjoe_temple_big_plus
Lair:1:   layout_cave_pods, nzn_sisyphean_effort
Lair:2:   nzn_winding_woodlands_stair_cross
          [nzn_winding_woodlands_5x15_sawtooth,
          nzn_winding_woodlands_center_diamonds,
          nzn_winding_woodlands_5x15_split_checker,
          nzn_winding_woodlands_hourglass,
          nzn_winding_woodlands_5x5_checkerboard,
          nzn_winding_woodlands_5x15_crooked,
          nzn_winding_woodlands_center_triple_pond,
          nzn_winding_woodlands_5x15_river_crossing], layout_regular_city,
          gammafunk_ghost_ooze, serial_bayou_ford_a,
          grunt_forest_large_clearings
Lair:3:   layout_cave_shapes, minmay_shoals_entry_centaurs,
          minmay_snake_entry_guardpost_small, serial_rivers,
          chequers_serial_rivers_micro_c, chequers_serial_rivers_micro_b,
          chequers_serial_rivers_marsh, chequers_serial_rivers_room_b,
          chequers_serial_rivers_large_b, chequers_serial_rivers_small_a,
          minivault_26, lemuel_fruit_tree
Lair:4:   mu_elephants_graveyard, layout_cave_pods, grunt_megastairs_2,
          uniq_sonja
Lair:5:   layout_roguey, minmay_slime_entry_pillars, guppyfry_lair_drakes
Lair:6:   cheibrodos_lair_end_hotspot, layout_long_grid
Orc:1:    layout_caves, basic_altar, nicolae_orc_pool_cavern
Orc:2:    grunt_orc_community_town_hall, layout_diamond_mine,
          grunt_orc_community_big_house_1, grunt_orc_community_big_house_2,
          grunt_orc_community_house_1, grunt_orc_community_house_3,
          grunt_orc_community_house_3, grunt_orc_community_house_2,
          grunt_orc_community_house_2, grunt_orc_community_house_3,
          serial_shops, nicolae_shop_advertising_works
          [nicolae_subvault_shop_adworks], shop_fountains
Abyss:5:  base: D:9, nicolae_abyss_rune_star_stuff, minivault_26, minivault_28

Skill      XL: |  1  2  3  4  5  6  7  8  9 10 11 12 13 14 15 16 |
---------------+-------------------------------------------------+-----
Fighting       | 4 5 6 7 8 10 11 12 13 14 15 16 | 16.2
Long Blades    | 3 4 5 6 7 8 9 11 12 13 14 | 14.8
Shields        | 4 5 6 7 9 10 11 12 13 14 15 | 15.0
Armour         | 4 5 6 7 9 10 11 12 13 14 | 14.9
Evocations     | 2 4 5 6 7 8 |  8.3
Invocations    | 3 6 9 11 12 | 12.3

Action                   |  1- 3 |  4- 6 |  7- 9 | 10-12 | 13-15 | 16-18 || total
-------------------------+-------+-------+-------+-------+-------+-------++-------
Melee: Long sword        |   135 |    39 |       |       |       |       ||   174
       Falchion          |       |    73 |   132 |    13 |       |       ||   218
       Short sword       |       |       |    25 |       |       |       ||    25
       Scimitar          |       |       |       |   606 |  1549 |   269 ||  2424
Throw: Throwing net      |       |       |       |     7 |       |       ||     7
Invok: Upheaval          |       |       |       |     1 |       |       ||     1
       Elemental Force   |       |       |       |       |     4 |       ||     4
       Disaster Area     |       |       |       |       |     2 |     1 ||     3
Evoke: Wand              |       |    13 |     9 |    29 |     4 |    12 ||    67
       Condenser vane    |       |       |       |       |     2 |     1 ||     3
       Phantom mirror    |       |       |       |       |     1 |       ||     1
  Use: Scroll            |       |     4 |     2 |     5 |     9 |     5 ||    25
       Potion            |       |       |       |     8 |     5 |     5 ||    18
 Stab: Paralysed         |       |       |       |     9 |     5 |       ||    14
       Held in net/web   |       |       |       |     1 |       |       ||     1
       Invisible         |       |       |       |       |     9 |     2 ||    11
       Distracted        |       |       |       |       |     1 |       ||     1
Armor: Scale mail        |    66 |    46 |       |       |       |       ||   112
       Chain mail        |       |     3 |    55 |    36 |       |       ||    94
       Plate armour      |       |       |       |   269 |   496 |    89 ||   854
       Skin              |       |       |       |     1 |       |    29 ||    30
       Fire dragon scale |       |       |       |       |    74 |       ||    74
Dodge: Dodged            |    82 |    81 |    43 |   144 |   255 |    27 ||   632
       Repelled          |       |       |       |       |     7 |     1 ||     8
Block: Buckler           |    31 |    26 |    11 |       |       |       ||    68
       Kite shield       |       |       |    33 |   407 |  1341 |   328 ||  2109
       Reflection        |       |       |       |       |    34 |    30 ||    64
